 Dungeon Crawl Stone Soup version 0.21.1-1-g345015fe64 (webtiles) character file.

439 KleinerIrrer the Chopper (level 7, 0/52 HPs)
             Began as a Formicid Fighter on Mar 26, 2018.
             Slain by an ogre
             ... wielding a +0 giant club
              (12 damage)
             ... on level 5 of the Dungeon.
             The game lasted 00:05:09 (2932 turns).

KleinerIrrer the Chopper (Formicid Fighter)         Turns: 2932, Time: 00:05:10

Health: 0/52       AC:  9    Str: 22    XL:     7   Next: 22%
Magic:  7/7        EV:  6    Int:  8    God:
Gold:   64         SH: 10    Dex: 10    Spells: 6/6 levels left

rFire    . . .     SeeInvis +   a - +0 war axe
rCold    . . .     Gourm    .   c - +0 shield
rNeg     . . .     Faith    .   h - +0 chain mail
rPois    .         Spirit   .   (helmet unavailable)
rElec    .         Reflect  .   (no cloak)
rCorr    .         Harm     .   (no gloves)
MR       .....                  (no boots)
Stlth    ..........             (no amulet)
HPRegen  0.17/turn              (no ring)
MPRegen  0.10/turn              (no ring)

@: no status effects
A: permanent stasis, dig shafts and tunnels, four strong arms, antennae 3
a: Dig, Shaft Self


You were on level 5 of the Dungeon.
You were hungry.

You visited 1 branch of the dungeon, and saw 5 of its levels.

You collected 160 gold pieces.
You spent 96 gold pieces at shops.

Inventory:

Hand Weapons
 a - a +0 war axe (weapon)
 x - a +1 flail of crushing
Armour
 c - a +0 shield (worn)
 h - a +0 chain mail (worn)
 u - a +0 pair of gloves
Wands
 t - a wand of flame (33)
Scrolls
 g - 3 scrolls of amnesia {unknown}
 i - 4 scrolls of identify {unknown}
 m - 2 scrolls of enchant armour {unknown}
 n - 2 scrolls of remove curse {unknown}
 o - a scroll of fear {unknown}
 w - a scroll of magic mapping {unknown}
Potions
 b - a potion of resistance {unknown}
 d - a potion of might
 e - a potion of haste
 j - a potion of magic {unknown}
 k - 7 potions of heal wounds
 l - 3 potions of curing
 p - a potion of degeneration {unknown}
 q - a potion of flight {unknown}
 r - 2 potions of agility {unknown}
 s - a potion of berserk rage {unknown}
Books
 v - a book of Cantrips

   Spells                             Type                      Level
   a - Confusing Touch                Hexes                        1
   b - Animate Skeleton               Necromancy                   1
   c - Summon Small Mammal            Summoning                    1
   d - Apportation                    Translocation                1
Comestibles
 f - 7 rations


   Skills:
 - Level 3.3 Fighting
 * Level 5.9 Axes
 + Level 4.5 Armour
 + Level 5.0 Shields


You had 6 spell levels left.
You didn't know any spells.

Dungeon Overview and Level Annotations

Branches:
Dungeon (6/15)
 Temple: D:4-7

Altars:
Fedhas
Nemelex Xobeh
Okawaru
Trog
Zin

Shops:
D:6 !(


Innate Abilities, Weirdness & Mutations

You cannot be hasted, slowed, berserked, paralysed or teleported.
You can dig through walls and to a lower floor.
Your four strong arms can wield two-handed weapons with a shield.
You have a pair of large antennae on your head. (SInv)


Message History

You are too injured to fight recklessly!
You are too injured to fight recklessly!
You are too injured to fight recklessly!
You are too injured to fight recklessly!
You are too injured to fight recklessly!
You are too injured to fight recklessly!
Unknown command.
You hit the ogre.
The ogre is moderately wounded.
You hit the centaur but do no damage. You block the centaur's attack.
The ogre hits you with a giant club.
* * * LOW HITPOINT WARNING * * *
You block the centaur's attack.
A shadow imp comes into view.
You slash the ogre!
The ogre is severely wounded.
You hit the centaur.
The centaur hits you but does no damage.
The ogre hits you with a giant club!
You die...

....... . ..
................
##.####
#.#.###.###.###.##....
.# # .5..... #.######
# .. ##.##(#######.# {
##.#.............#
#.......(#########
.#####..(.#.....
.......O..).#
######@#.###
.......c....#
..#####.#.#.# #...#.#
##.!# # .>. ###


You could see an ogre, a centaur and a shadow imp.

Vanquished Creatures
  Edmund (D:5)
  2 bullfrogs (D:6)
  2 orc wizards (D:6)
  A worker ant (D:6)
  An iguana (D:6)
  2 adders (D:2)
  An adder zombie (D:6)
  3 worms (D:2)
  A leopard gecko (D:6)
  5 orcs (D:6)
  A giant cockroach (D:2)
  9 goblins
  2 hobgoblins
  5 jackals (D:2)
  A quokka (D:2)
  5 bats
  7 frilled lizards
  7 kobolds
  A leopard gecko zombie (D:5)
  7 rats
64 creatures vanquished.

Notes
Turn   | Place    | Note
-------+----------+-------------------------------------------
     0 | D:1      | KleinerIrrer the Formicid Fighter began the quest for the Orb.
     0 | D:1      | Reached XP level 1. HP: 18/18 MP: 1/1
   108 | D:1      | Reached XP level 2. HP: 13/24 MP: 2/2
   723 | D:2      | Reached XP level 3. HP: 28/29 MP: 3/3
  1028 | D:2      | Reached XP level 4. HP: 32/35 MP: 4/4
  1047 | D:2      | Found a blossoming altar of Fedhas.
  1065 | D:2      | Found an iron altar of Okawaru.
  1211 | D:2      | Found a bloodstained altar of Trog.
  1430 | D:3      | You fall through a shaft for 3 floors!
  1440 | D:6      | Found Maicaogu's Distillery.
  1448 | D:6      | Bought a potion of curing for 36 gold pieces
  1448 | D:6      | Bought a potion of heal wounds for 60 gold pieces
  1459 | D:6      | Noticed a bullfrog
  1475 | D:6      | Killed a bullfrog
  1475 | D:6      | Reached XP level 5. HP: 13/41 MP: 5/5
  1834 | D:6      | Noticed a bullfrog
  1847 | D:6      | Killed a bullfrog
  1847 | D:6      | Reached XP level 6. HP: 35/47 MP: 6/6
  1853 | D:6      | Found a sparkling altar of Nemelex Xobeh.
  1974 | D:6      | Reached skill level 5 in Axes
  1985 | D:6      | Found a glowing silver altar of Zin.
  2584 | D:6      | Found Nocre's Antique Weapon Boutique.
  2696 | D:5      | Entered Level 5 of the Dungeon
  2696 | D:5      | Noticed Edmund
  2714 | D:5      | Killed Edmund
  2714 | D:5      | Reached skill level 5 in Shields
  2714 | D:5      | Reached XP level 7. HP: 32/52 MP: 7/7
  2932 | D:5      | Slain by an ogre

Skill      XL: |  1  2  3  4  5  6 |
---------------+-------------------+-----
Shields        | 4 5 |  5.0
Axes           | 3 4 5 |  5.9
Armour         | 4 |  4.5
Fighting       | |  3.3

Action                   |  1- 3 |  4- 6 |  7- 9 || total
-------------------------+-------+-------+-------++-------
Melee: War axe           |   112 |   144 |    16 ||   272
  Eat: Chunk             |       |     6 |       ||     6
Armor: Scale mail        |    12 |       |       ||    12
       Chain mail        |    58 |    70 |     7 ||   135
Dodge: Dodged            |    29 |    35 |     6 ||    70
Block: Shield            |    68 |    71 |    11 ||   150
